 Dungeon Crawl Stone Soup version 0.25.1-8-g42b30a86e7 (webtiles) character file.

Game seed: 3712981138900524276

78948 Cykl0x the Fencer (level 16, -8/125 HPs)
             Began as a Formicid Fighter on Nov 30, 2020.
             Was a High Priest of the Shining One.
             Mangled by a sea snake (11 damage)
             ... on level 6 of the Lair of Beasts.
             The game lasted 00:55:52 (22145 turns).

Cykl0x the Fencer (Formicid Fighter)               Turns: 22145, Time: 00:55:52

Health: -8/125     AC: 16    Str: 28    XL:     16   Next: 10%
Magic:  27/27      EV: 13    Int: 14    God:    the Shining One [*****.]
Gold:   1295       SH:  0    Dex: 10    Spells: 15/15 levels left

rFire    . . .     SeeInvis +   M - +3 great sword (elec)
rCold    + + +     Gourm    .   O - +2 tower shield
rNeg     + + .     Faith    .   g - +0 ice dragon scales
rPois    .         Spirit   .   (helmet unavailable)
rElec    +         Reflect  +   (no cloak)
rCorr    .         Harm     .   o - +0 pair of gloves
MR       +....                  S - +1 pair of boots of the Eternal Void {+Fly Int+4}
Stlth    ..........             T - amulet of Fixation {Reflect *Drain rElec Int+2 SH+5}
HPRegen  0.30/turn              B - ring of protection from cold
MPRegen  0.20/turn              m - ring of protection from fire

@: confused, lethally poisoned (-8 -> -64), glowing
A: permanent stasis, dig shafts and tunnels, four strong arms, antennae 3,
talons 1, high mp 1, MP-powered wands
a: Dig, Shaft Self, Divine Shield, Cleansing Flame, Summon Divine Warrior,
Renounce Religion, Evoke Flight


You were on level 6 of the Lair of Beasts.
You worshipped the Shining One.
The Shining One was extremely pleased with you.
You were full.

You visited 2 branches of the dungeon, and saw 21 of its levels.
You also visited: Gauntlet.

You collected 1575 gold pieces.
You spent 280 gold pieces at shops.

Inventory:

Hand Weapons
 b - a +4 scimitar of flaming
 I - the +5 short sword of Kebbuuca {venom, +Rage Dex+3}
   (You bought it in a shop on level 10 of the Dungeon)

   It poisons the flesh of those it strikes.
   It affects your dexterity (+3).
   It lets you go berserk.
 M - a +3 great sword of electrocution (weapon)
Missiles
 i - 625 stones
 k - 48 poisoned darts
 L - 19 boomerangs (quivered)
 V - 12 javelins
Armour
 c - a +0 plate armour
 g - +0 ice dragon scales (worn)
 o - a +0 pair of gloves (worn)
 s - a +3 chain mail of poison resistance
 H - the +9 plate armour of the Aged Knives {rN+ Stlth+}
   (You found it on level 11 of the Dungeon)

   It protects you from negative energy.
   It makes you more stealthy.
 J - a +2 pair of boots
 O - a +2 tower shield (worn)
 S - the +1 pair of boots of the Eternal Void (worn) {+Fly Int+4}
   (You found it in a Gauntlet)

   It affects your intelligence (+4).
   It lets you fly.
Jewellery
 l - an uncursed ring of magical power
 m - a ring of protection from fire (right hand)
 p - a +6 ring of dexterity
 t - a +4 ring of evasion
 u - a +6 ring of intelligence
 B - a ring of protection from cold (left hand)
 C - an uncursed ring of resist corrosion
 D - an uncursed amulet of guardian spirit
 N - a +4 ring of protection
 Q - an uncursed ring of resist corrosion
 R - an uncursed ring of see invisible
 T - the amulet of Fixation (around neck) {Reflect *Drain rElec Int+2 SH+5}
   (You took it off a minotaur in a Gauntlet)

   [amulet of reflection]

   It shields you and reflects attacks.
   It affects your intelligence (+2).
   It insulates you from electricity.
   It causes draining when unequipped.
   It affects your SH (+5).
 U - an uncursed amulet of reflection {unknown}
Wands
 e - a wand of acid (14)
 j - a wand of flame (43)
 z - a wand of enslavement (16)
 E - a wand of paralysis (13)
 W - a wand of iceblast (5)
Scrolls
 n - 7 scrolls of amnesia
 r - 10 scrolls of remove curse
 y - 10 scrolls of identify
 F - 2 scrolls of enchant weapon
 K - 2 scrolls of fear
Potions
 a - a potion of magic
 d - a potion of might
 h - 3 potions of mutation
 q - a potion of resistance
 w - 3 potions of brilliance
 x - 5 potions of flight
 A - a potion of ambrosia
 G - 2 potions of lignification
 P - a potion of cancellation
Comestibles
 f - 30 rations


   Skills:
 + Level 11.3 Fighting
 + Level 0.7(10.4) Short Blades
 + Level 15.5 Long Blades
 + Level 6.7 Throwing
 + Level 10.0 Armour
 * Level 7.8 Dodging
 + Level 0.3 Stealth
 + Level 13.1 Shields
 + Level 1.9 Unarmed Combat
 + Level 11.6 Invocations
 + Level 0.5 Evocations


You had 15 spell levels left.
You didn't know any spells.
Your spell library contained the following spells:

 Spells                   Type           Power        Failure   Level  Hunger
 Animate Skeleton         Necr           N/A          67%         1    ##.....
 Apportation              Tloc           #.....       67%         1    ##.....
 Corona                   Hex            #......      67%         1    ##.....
 Magic Dart               Conj           #...         67%         1    ##.....
 Pain                     Necr           #...         67%         1    ##.....
 Shock                    Conj/Air       #...         67%         1    ##.....
 Sting                    Tmut/Pois      #...         67%         1    ##.....
 Summon Small Mammal      Summ           #...         67%         1    ##.....
 Call Imp                 Summ           #.......     80%         2    ###....
 Ensorcelled Hibernation  Hex/Ice        #.....       80%         2    ###....
 Poisonous Vapours        Pois/Air       #.....       80%         2    ###....
 Slow                     Hex            #.......     80%         2    ###....
 Sublimation of Blood     Necr           #.........   80%         2    ###....
 Call Canine Familiar     Summ           #.......     95%         3    ####...
 Confusing Touch          Hex            #.......     95%         3    ####...
 Conjure Flame            Conj/Fire      #.......     95%         3    ####...
 Dazzling Flash           Conj/Hex       #.....       95%         3    ####...
 Ignite Poison            Fire/Tmut/Pois #.......     95%         3    ####...
 Inner Flame              Hex/Fire       #.......     95%         3    ####...
 Mephitic Cloud           Conj/Pois/Air  #.......     95%         3    ####...
 Portal Projectile        Hex/Tloc       #.....       95%         3    ####...
 Static Discharge         Conj/Air       #.......     95%         3    ####...
 Summon Guardian Golem    Hex/Summ       #.......     95%         3    ####...
 Tukima's Dance           Hex            #.......     95%         3    ####...
 Vampiric Draining        Necr           #.........   95%         3    ####...
 Airstrike                Air            #.........   100%        4    #####..
 Animate Dead             Necr           N/A          100%        4    #####..
 Cause Fear               Hex            #.........   100%        4    #####..
 Ice Form                 Ice/Tmut       #.......     100%        4    #####..
 Leda's Liquefaction      Hex/Erth       #.........   100%        4    #####..
 Olgreb's Toxic Radiance  Pois           #.......     100%        4    #####..
 Petrify                  Tmut/Erth      #.......     100%        4    #####..
 Summon Ice Beast         Ice/Summ       #.......     100%        4    #####..
 Summon Lightning Spire   Summ/Air       #.......     100%        4    #####..
 Agony                    Necr           #.......     100%        5    ######.
 Alistair's Intoxication  Tmut/Pois      #.......     100%        5    ######.
 Fireball                 Conj/Fire      #.........   100%        5    ######.
 Irradiate                Conj/Tmut      #.........   100%        5    ######.
 Lightning Bolt           Conj/Air       #.........   100%        5    ######.
 Metabolic Englaciation   Hex/Ice        #.........   100%        5    ######.
 Silence                  Hex/Air        #.........   100%        5    ######.
 Conjure Ball Lightning   Conj/Air       #.........   100%        6    #######
 Eringya's Noxious Bog    Tmut/Pois      #.........   100%        6    #######
 Freezing Cloud           Conj/Ice/Air   #.........   100%        6    #######
 Ozocubu's Refrigeration  Ice            #.........   100%        6    #######
 Simulacrum               Ice/Necr       #.........   100%        6    #######
 Starburst                Conj/Fire      #.........   100%        6    #######
 Ring of Flames           Chrm/Fire      #.........   100%        7    #######
 Chain Lightning          Conj/Air       #.........   100%        8    #######
 Ignition                 Fire           #.........   100%        8    #######
 Lehudib's Crystal Spear  Conj/Erth      #.........   100%        8    #######
 Absolute Zero            Ice            #.........   100%        9    #######
 Fire Storm               Conj/Fire      #.........   100%        9    #######
 Tornado                  Air            #.........   100%        9    #######
 Blink                    Tloc           Unusable     N/A         2    N/A
 Swiftness                Chrm/Air       Unusable     N/A         2    N/A

Dungeon Overview and Level Annotations

Branches:
Dungeon (15/15)            Temple (0/1) D:6            Lair (6/6) D:8
  Swamp (0/4) Lair:3       Spider (0/4) Lair:4        Slime (0/5) Lair:5
    Orc (0/2) D:10         Vaults (0/5) D:13         Depths (0/5) D:15
Gauntlet (visited)

Altars:
Ashenzari
Cheibriados
Elyvilon
Fedhas
Gozag
Hepliaklqana
Kikubaaqudgha
Makhleb
Nemelex Xobeh
Qazlal
Ru
Uskayaw
Wu Jian
Xom
The Shining One

Shops:
D:5 :   D:9 =   D:10 (


Innate Abilities, Weirdness & Mutations

You cannot be hasted, slowed, berserked, paralysed or teleported.
You can dig through walls and to a lower floor.
Your four strong arms can wield two-handed weapons with a shield.
You have a pair of large antennae on your head. (SInv)
You have sharp toenails.
You have an increased reservoir of magic. (+10% MP)
You expend magic power (3 MP) to strengthen your wands.


Message History

You feel sick.
The spiny frog stings you but does no damage.
The komodo dragon bites you.
* * * LOW HITPOINT WARNING * * *
The sea snake bites you!
* * * LOW HITPOINT WARNING * * *
You are more poisoned.
The sea snake poisons you!
You barely miss the sea snake.
* * * LOW HITPOINT WARNING * * *
You feel very sick.
The spiny frog stings you but does no damage.
The komodo dragon bites you but does no damage.
The sea snake barely misses you. The spiny frog stings you.
* * * LOW HITPOINT WARNING * * *
You barely miss the sea snake.
* * * LOW HITPOINT WARNING * * *
You feel very sick. The sea snake bites you!
You die...

** ***,,*,,,,,,,,,,,,, *
*,*,*,,,,,,,,,,,,,,
**,,.......,,,,,,,,
**,,,.......,,,,,,,,
####,,,,.......,,,,,,,,
#....,,..........,,,,,,
**###...,*#...........,,,,
*,#....P###..........,,,*#
******,.....P†@#{{A.P.....*,*#.
***,**,,,.....PlSF#{...##..####..
*,*,,,,,,.....P.........##.#P....
**,,,,,,,..........†.....#.P.P...
***,,,,,,.............†..........
*,,*,,,,,.............#..........
,,,,,,,,,.............#..........
≈≈,,≈,,,≈≈≈≈≈≈.≈.................
*,≈≈,*≈≈**≈≈.#P≈##≈...##.........


You could see a sea snake, a komodo dragon and a spiny frog.

Vanquished Creatures
  Rupert (D:12)
  Kirke (D:12)
  A minotaur (Gauntlet)
  An ogre mage (D:15)
  A yaktaur captain (D:11)
  An ice dragon (Lair:5)
  Josephine (Lair:4)
  7 vault guards (D:13)
  A death knight (D:10)
  11 hydras
  Erica (D:11)
  A centaur warrior (D:13)
  10 two-headed ogres
  A thrashing horror (Gauntlet)
  A wizard (D:11)
  2 unseen horrors
  A lindwurm (Lair:4)
  An orb spider (shapeshifter) (D:14)
  2 deep elf magi (D:15)
  2 orc sorcerers (D:15)
  12 ugly things
  A wolf spider (Lair:4)
  4 cyclopes
  A manticore (D:15)
  2 elephants (Lair:6)
  A naga mage (D:15)
  2 black mambas
  An ice statue (Gauntlet)
  5 spiny frogs
  2 gargoyles
  3 komodo dragons
  4 rime drakes
  2 efreet
  2 trolls
  A jumping spider (shapeshifter) (D:15)
  2 queen bees
  2 jumping spiders (Lair:4)
  A tyrant leech (Lair:3)
  A meliai (D:14)
  3 hornets
  2 wind drakes (Lair:6)
  Grinder (D:4)
  9 blink frogs
  7 hippogriffs
  16 slime creatures (D:15)
  A redback (Lair:4)
  2 shadows
  8 wyverns
  Grum (Lair:1)
  A basilisk (D:15)
  A hog (D:12)
  36 yaks
  7 wraiths
  3 humans (D:13)
  A vampire mosquito (D:14)
  2 wargs (D:10)
  4 swamp worms (Lair:3)
  11 water moccasins
  6 porcupines
  A black bear (D:9)
  4 ice beasts
  4 sky beasts
  10 orc warriors
  2 phantoms
  6 ogres
  A necrophage (D:7)
  8 wolves
  13 crocodiles
  9 centaurs
  2 small abominations (Gauntlet)
  A gnoll sergeant (D:8)
  14 bullfrogs
  2 scorpions
  20 killer bees
  14 wights
  A howler monkey (D:6)
  4 crimson imps
  4 centaur zombies
  A quasit (D:9)
  8 hounds
  5 jellies
  10 orc priests
  4 bullfrog skeletons
  A gnoll shaman (D:5)
  13 orc wizards
  6 centaur skeletons
  3 iguanas
  Terence (D:3)
  13 worker ants
  A hound zombie (D:7)
  A hound skeleton (D:9)
  3 worker ant zombies
  8 gnolls
  8 adders
  7 shadow imps
  An adder zombie (D:8)
  3 oozes
  4 worms (D:2)
  3 dart slugs
  8 leopard geckos
  41 orcs
  2 ball pythons
  12 bats
  7 giant cockroaches
  9 goblins
  9 hobgoblins
  18 jackals
  4 quokkas
  9 frilled lizards
  10 kobolds
  A quokka skeleton (D:6)
  2 quokka zombies (D:5)
  9 rats
584 creatures vanquished.

Vanquished Creatures (collateral kills)
  A daeva (D:15)
  A cyclops (D:15)
  An elephant (Lair:6)
  A hungry ghost (D:15)
4 creatures vanquished.

Vanquished Creatures (others)
  2 vault guards (D:13)
  2 humans (D:12)
  An orc priest (D:12)
  An orc wizard (D:15)
  An iguana (D:12)
  6 orcs (D:12)
  A goblin (D:1)
  5 plants
19 creatures vanquished.

Grand Total: 607 creatures vanquished

Notes
Turn   | Place    | Note
-------+----------+-------------------------------------------
     0 | D:1      | Cykl0x the Formicid Fighter began the quest for the Orb.
     0 | D:1      | Reached XP level 1. HP: 18/18 MP: 1/1
   197 | D:1      | Reached XP level 2. HP: 24/24 MP: 2/2
   335 | D:1      | Reached XP level 3. HP: 25/29 MP: 3/3
  1125 | D:2      | Reached XP level 4. HP: 37/37 MP: 4/4
  1243 | D:2      | Reached skill level 1 in Throwing
  1907 | D:2      | Found a snail-covered altar of Cheibriados.
  1913 | D:2      | Reached XP level 5. HP: 42/42 MP: 5/5
  1923 | D:2      | Reached skill level 3 in Long Blades
  2231 | D:3      | Found a white marble altar of Elyvilon.
  2238 | D:3      | Found an ornate altar of the Wu Jian Council.
  2238 | D:3      | Found a glowing golden altar of the Shining One.
  2246 | D:3      | Became a worshipper of the Shining One
  2383 | D:3      | Reached XP level 6. HP: 39/48 MP: 6/6
  2492 | D:3      | Reached skill level 1 in Invocations
  2531 | D:3      | Found a transporter.
  2534 | D:3      | Noticed a phantom
  2559 | D:3      | Noticed Terence
  2574 | D:3      | Killed Terence
  2639 | D:3      | Found a hazy altar of Hepliaklqana.
  2643 | D:3      | Found a transporter.
  2707 | D:3      | Found a hide-covered altar of Uskayaw.
  3141 | D:3      | Reached skill level 4 in Long Blades
  3156 | D:3      | Killed a phantom
  3156 | D:3      | Reached XP level 7. HP: 47/54 MP: 6/8
  3394 | D:4      | Reached skill level 5 in Shields
  3659 | D:4      | Noticed Grinder
  3667 | D:4      | Killed Grinder
  3667 | D:4      | Reached skill level 1 in Dodging
  3701 | D:4      | Reached XP level 8. HP: 58/60 MP: 10/10
  3841 | D:5      | Entered Level 5 of the Dungeon
  3841 | D:5      | Found an opulent altar of Gozag.
  3861 | D:5      | Reached skill level 5 in Long Blades
  3879 | D:5      | Reached * piety under the Shining One
  4030 | D:5      | Found Jimeog's Book Boutique.
  4894 | D:6      | Found a shattered altar of Ashenzari.
  4905 | D:6      | Reached ** piety under the Shining One
  4905 | D:6      | Reached skill level 6 in Long Blades
  4915 | D:6      | Reached skill level 5 in Invocations
  4927 | D:6      | Found a staircase to the Ecumenical Temple.
  4979 | D:6      | Noticed a wraith
  4983 | D:6      | Found a blossoming altar of Fedhas.
  4988 | D:6      | Killed a wraith
  4988 | D:6      | Reached skill level 5 in Fighting
  4988 | D:6      | Reached skill level 5 in Armour
  4988 | D:6      | Reached XP level 9. HP: 56/68 MP: 12/12
  5485 | D:6      | Found an ancient bone altar of Kikubaaqudgha.
  5760 | D:7      | Found a stormy altar of Qazlal.
  5850 | D:7      | Reached skill level 7 in Long Blades
  6588 | D:8      | Noticed a two-headed ogre
  6595 | D:8      | Killed a two-headed ogre
  6595 | D:8      | Reached skill level 8 in Long Blades
  6595 | D:8      | Reached XP level 10. HP: 63/76 MP: 12/14
  6875 | D:8      | Reached *** piety under the Shining One
  7043 | D:8      | Found a sparkling altar of Nemelex Xobeh.
  7191 | D:8      | Reached skill level 9 in Long Blades
  7426 | D:8      | Found a staircase to the Lair.
  7919 | D:9      | Found a shimmering altar of Xom.
  8059 | D:9      | Reached XP level 11. HP: 71/83 MP: 14/17
  8324 | D:9      | Found Olufadat's Jewellery Emporium.
  8549 | D:10     | Entered Level 10 of the Dungeon
  8577 | D:10     | Reached **** piety under the Shining One
  8676 | D:10     | Found Ociu's Antique Weapon Shoppe.
  8689 | D:10     | Bought a jewelled short sword for 280 gold pieces
  8689 | D:10     | Identified the +5 short sword of Kebbuuca {venom, +Rage
                  | Dex+3} (You bought it in a shop on level 10 of the Dungeon)
  8727 | D:10     | Found a sacrificial altar of Ru.
  9219 | D:10     | Found a staircase to the Orcish Mines.
  9401 | D:10     | Reached skill level 10 in Long Blades
  9572 | D:10     | Got an ichor-stained chain mail
  9582 | D:10     | Identified the +0 chain mail of Vlad {+Fly Int+3 Stlth-}
                  | (You found it on level 10 of the Dungeon)
  9684 | D:11     | Got an ichor-stained plate armour
  9694 | D:11     | Identified the +9 plate armour of the Aged Knives {rN+
                  | Stlth+} (You found it on level 11 of the Dungeon)
  9710 | D:11     | Found an ornate altar of the Wu Jian Council.
  9710 | D:11     | Found a sacrificial altar of Ru.
  9711 | D:11     | Noticed a cyclops
  9721 | D:11     | Noticed a wizard
  9721 | D:11     | Noticed a death knight
  9751 | D:11     | Killed a cyclops
  9758 | D:11     | Killed a wizard
  9769 | D:11     | Noticed a five-headed hydra
  9773 | D:11     | The Shining One protects you from harm!
  9774 | D:11     | Noticed a two-headed ogre
  9777 | D:10     | Killed a death knight
 10084 | D:10     | Killed a two-headed ogre
 10093 | D:10     | Killed a five-headed hydra
 10330 | D:11     | Noticed Erica
 10340 | D:11     | Killed Erica
 10340 | D:11     | Reached XP level 12. HP: 71/92 MP: 17/19
 10405 | D:11     | Reached skill level 10 in Invocations
 10502 | D:11     | Found a white marble altar of Elyvilon.
 10502 | D:11     | Found a stormy altar of Qazlal.
 10645 | D:11     | Reached skill level 11 in Long Blades
 10669 | D:11     | Noticed a two-headed ogre
 10675 | D:11     | Killed a two-headed ogre
 10679 | D:11     | Gained mutation: You have sharp toenails. [potion of
                  | mutation]
 10679 | D:11     | Gained mutation: You have an increased reservoir of magic.
                  | (+10% MP) [potion of mutation]
 10679 | D:11     | Gained mutation: You expend magic power (3 MP) to
                  | strengthen your wands. [potion of mutation]
 11167 | D:12     | Noticed Rupert
 11187 | D:12     | Killed Rupert
 11187 | D:12     | Reached skill level 5 in Throwing
 11335 | D:12     | Noticed Kirke
 11392 | D:12     | Killed Kirke
 11392 | D:12     | Reached skill level 1 in Unarmed Combat
 11407 | D:12     | Reached ***** piety under the Shining One
 11877 | D:12     | You fall into a shaft and drop 3 floors!
 11877 | D:15     | Entered Level 15 of the Dungeon
 11915 | D:15     | Reached XP level 13. HP: 99/99 MP: 23/23
 12042 | D:13     | Reached skill level 10 in Shields
 12386 | D:12     | Reached skill level 12 in Long Blades
 12516 | D:12     | Found a burning altar of Makhleb.
 12893 | D:13     | Killed a vault guard
 13042 | D:13     | Found a white marble altar of Elyvilon.
 13054 | D:13     | Noticed a centaur warrior
 13067 | D:13     | Killed a centaur warrior
 13147 | D:13     | Noticed an eight-headed hydra
 13156 | D:13     | Killed a two-headed hydra
 13257 | D:13     | Noticed a vault guard
 13257 | D:13     | Noticed a vault guard
 13257 | D:13     | Noticed a vault guard
 13257 | D:13     | Noticed a vault guard
 13258 | D:13     | Noticed a vault guard
 13260 | D:13     | Noticed a vault guard
 13260 | D:13     | Noticed a vault guard
 13276 | D:13     | Killed a vault guard
 13278 | D:13     | Killed a vault guard
 13290 | D:13     | Killed a vault guard
 13297 | D:13     | Killed a vault guard
 13301 | D:13     | Killed a vault guard
 13309 | D:13     | Killed a vault guard
 13314 | D:13     | Killed a vault guard
 13316 | D:13     | Noticed a vault guard
 13321 | D:13     | Killed a vault guard
 13343 | D:13     | Found a gate to the Vaults.
 13728 | D:14     | Reached skill level 13 in Long Blades
 13743 | D:14     | Noticed a six-headed hydra
 13775 | D:14     | Reached XP level 14. HP: 51/109 MP: 11/24
 14491 | D:14     | Reached skill level 5 in Dodging
 14494 | D:14     | Reached skill level 10 in Fighting
 15085 | D:15     | Noticed a daeva
 15086 | D:15     | Found a white marble altar of Elyvilon.
 15086 | D:15     | Found a runed translucent door.
 15360 | D:15     | Killed a daeva
 15707 | D:15     | Reached skill level 14 in Long Blades
 15829 | D:15     | Found a staircase to the Depths.
 16181 | D:15     | Found a snail-covered altar of Cheibriados.
 16277 | D:15     | Reached XP level 15. HP: 107/117 MP: 6/25
 16851 | Lair:1   | Entered Level 1 of the Lair of Beasts
 17175 | Lair:1   | Noticed Grum
 17207 | Lair:1   | Killed Grum
 17232 | Lair:1   | Found the +8 longbow "Zephyr" {speed, Dex+3 SInv}
 17441 | Lair:1   | Reached ****** piety under the Shining One
 17905 | Lair:2   | You fall into a shaft and drop 2 floors!
 18092 | Lair:4   | Noticed Josephine
 18100 | Lair:4   | Killed Josephine
 18100 | Lair:4   | Reached skill level 15 in Long Blades
 18460 | Lair:4   | Found a hole to the Spider Nest.
 19783 | Lair:3   | Found a staircase to the Swamp.
 20462 | Lair:5   | Found a gate leading to a gauntlet.
 20471 | Gauntlet | Entered a Gauntlet
 20471 | Gauntlet | Found a transporter.
 20471 | Gauntlet | Found a transporter.
 20473 | Gauntlet | Found a transporter.
 20473 | Gauntlet | Found a transporter.
 20477 | Gauntlet | Found a transporter.
 20478 | Gauntlet | Found a transporter.
 20510 | Gauntlet | Found a transporter.
 20514 | Gauntlet | Found a transporter.
 20522 | Gauntlet | Found a transporter.
 20535 | Gauntlet | Found a runed translucent door.
 20539 | Gauntlet | Found a transporter.
 20553 | Gauntlet | Found a transporter.
 20557 | Gauntlet | Found a transporter.
 20833 | Gauntlet | Got a pair of scorched boots
 20843 | Gauntlet | Identified the +1 pair of boots of the Eternal Void {+Fly
                  | Int+4} (You found it in a Gauntlet)
 20865 | Gauntlet | Identified the cursed +3 short sword "Gowk" {vorpal, +Fly
                  | rPois Str-5 Dex+4}
 20865 | Gauntlet | Identified the amulet of Fixation {Reflect *Drain rElec
                  | Int+2 SH+5}
 21103 | Lair:5   | Found a staircase to the Slime Pits.
 21434 | Lair:5   | Reached skill level 10 in Armour
 21434 | Lair:5   | Reached XP level 16. HP: 122/125 MP: 27/27
 22001 | Lair:6   | Entered Level 6 of the Lair of Beasts
 22144 | Lair:6   | HP: 4/125 [spiny frog (4)]
 22145 | Lair:6   | Mangled by a sea snake

Illustrated notes

Levels and vault maps discovered:
D:1:      lemuel_arrival_muddy, layout_rooms, lemuel_flame_loot_1
D:2:      layout_basic, old_standard_altar, minmay_increasing_density
D:3:      layout_basic, gammafunk_temple_overflow_arena,
          eat_drink_and_be_merry_uskayaw, grunt_temple_overflow_open,
          first_ration, uniq_terence
D:4:      layout_cave_pools, minivault_27, uniq_grinder
D:5:      layout_basic, serial_shops, shop, basic_altar
D:6:      layout_basic, ashenzari_conservatory_becter,
          kiku_gazebo_garden_becter, minmay_temple_entry_trees, serial_glass,
          glass_columns_a, glass_columns_a, fedhas_altar_1
D:7:      layout_basic, lemuel_crystal_altar, chequers_jeans
D:8:      minmay_opposing_rooms, layout_cave_pools,
          nemelex_xobeh_ov_fountains_minmay, david_lair_generic,
          minmay_misc_feat_enclosed, david_nohive_1, nicolae_underground_beach
D:9:      layout_loops_cross, nicolae_overflow_crystal_walls, serial_shops,
          shop_statue, grunt_decor_arrowhead
D:10:     layout_irregular_city, david_orc_1_choice, serial_shops, shop,
          ebering_dispersal_statue_hall, nicolae_ru_awakened_eye
D:11:     minmay_the_grid_octo_tiled_octocenter_mashed
          [minmay_the_grid_octo_shrine, minmay_the_grid_octo_fan_narrow,
          minmay_the_grid_octo_horde, minmay_the_grid_octo_fat_diamond,
          minmay_the_grid_octo_prize_square_snowflake,
          minmay_the_grid_square_5x5_moneybag,
          minmay_the_grid_square_5x5_n_small, minmay_the_grid_square_5x5_corner,
          minmay_the_grid_square_5x5_minimal], layout_rooms, uniq_erica
D:12:     layout_basic, bloody_makhleb, uniq_rupert, uniq_kirke
D:13:     layout_small_grid, ximxim_vaults_locker_room, elyvilon_altar_3
D:14:     layout_loops_corners, serial_bayou_pond_b
D:15:     grunt_enter_depths_magical_seal, layout_irregular_city, basic_altar,
          nrook_campfire, serial_bayou_pond_e, lemuel_angel_altar
Lair:1:   layout_misc_corridors, uniq_grum
Lair:2:   layout_roguey, infiniplex_staircase_pool, lemuel_fruit_tree
Lair:3:   layout_chaotic_city, palyth_hydra_swamp_entry, grunt_megastairs_1
Lair:4:   layout_small_grid, spider_nest_entry_funnel_web, beast_lair_carwin_2,
          grunt_megastairs_4, uniq_josephine
Lair:5:   dragon1_lemuel, layout_small_grid, slime_dummy,
          gauntlet_entry_generic, st_stairs_13
Lair:6:   gammafunk_lair_ancient_temple, layout_cave_pods,
          portal_ice_cave_entry_pillars_1, lemuel_fruit_fields

Skill      XL: |  1  2  3  4  5  6  7  8  9 10 11 12 13 14 15 16 |
---------------+-------------------------------------------------+-----
Shields        | 4 5 6 7 9 10 11 12 13 | 13.1
Throwing       | 1 2 3 4 5 6 |  6.7
Long Blades    | 3 4 6 8 9 10 11 13 14 15 | 15.5
Armour         | 4 5 6 7 8 9 10 | 10.0
Invocations    | 1 3 5 6 8 9 11 | 11.6
Fighting       | 4 5 6 7 8 9 10 11 | 11.3
Dodging        | 1 2 4 6 7 |  7.8
Unarmed Combat | 1 |  1.9
Short Blades   | |  0.7
Stealth        | |  0.3
Evocations     | |  0.5

Action                   |  1- 3 |  4- 6 |  7- 9 | 10-12 | 13-15 | 16-18 || total
-------------------------+-------+-------+-------+-------+-------+-------++-------
Melee: Long sword        |   127 |   188 |   196 |   346 |       |       ||   857
       Great sword       |       |       |       |   122 |   731 |    31 ||   884
       Short sword       |       |       |       |     8 |       |       ||     8
       Unarmed           |       |       |       |    32 |       |       ||    32
       Scimitar          |       |       |       |     5 |    59 |       ||    64
Throw: Boomerang         |    24 |    19 |       |    30 |   127 |       ||   200
       Stone             |       |    22 |    73 |    55 |       |       ||   150
       Dart              |       |       |     1 |     8 |       |       ||     9
Invok: Divine Shield     |       |       |       |     1 |     4 |       ||     5
       Cleansing Flame   |       |       |       |     1 |       |     2 ||     3
       Summon Divine War |       |       |       |       |     2 |     1 ||     3
 Abil: Dig               |       |     2 |     2 |     5 |    13 |     1 ||    23
Evoke: Wand              |       |       |       |     3 |     7 |       ||    10
  Use: Scroll            |     6 |     6 |     9 |     7 |     9 |     1 ||    38
       Potion            |       |       |       |     7 |     4 |     3 ||    14
  Eat: Chunk             |     1 |     7 |    11 |    19 |    23 |       ||    61
       Ration            |       |       |       |       |     3 |     2 ||     5
Armor: Chain mail        |    85 |    74 |    49 |   102 |       |       ||   310
       Scale mail        |     6 |       |       |       |       |       ||     6
       Plate armour      |       |    17 |       |    68 |   312 |       ||   397
       Ice dragon scales |       |       |       |       |       |    24 ||    24
Dodge: Dodged            |    47 |    63 |    53 |   207 |   171 |    15 ||   556
Block: Kite shield       |    74 |   109 |    88 |   308 |    74 |       ||   653
       Tower shield      |       |       |       |       |   610 |    76 ||   686
       Reflection        |       |       |       |       |       |     2 ||     2
       Rpst.: Long sword |    17 |    20 |    18 |    51 |       |       ||   106
       Great sword       |       |       |       |     7 |    42 |     3 ||    52
